Map: Prion Terraces

Players

Miszu - Winner!

  • Race: Terran Terran
  • League: Grandmaster

GloomY

  • Race: Zerg Zerg
  • League: Master

VOD

Have the link to the VOD?

Description

Time

  • Played on: Feb. 23, 2016, 1:24 p.m.
  • Length: 11:09
Show
View Real Time Build Order
Export as new Build Order

Miszu Terran - Winner!

Build Orders: MMM Bio 

Get SALT Encoding   

  12  0:00  SCV  
  13  0:12  SCV  
  14  0:17  Supply Depot  
  14  0:25  SCV  
  15  0:38  SCV  
  15  0:42  Barracks  
  16  0:45  Refinery  
  16  0:50  SCV  
  17  1:03  SCV  
  18  1:15  SCV  
  19  1:29  Orbital Command  
  19  1:31  Barracks Reactor  
  19  1:43  Command Center  
  19  1:52  Supply Depot  
  19  1:55  SCV  
  20  2:07  SCV  
  21  2:08  Reaper  
  21  2:09  Reaper  
  23  2:19  SCV  
  24  2:31  SCV  
  24  2:32  Command Center  
  25  2:40  Reaper  
  25  2:41  Reaper  
  25  2:43  SCV  
  28  2:50  Refinery  
  28  2:55  Orbital Command  
  28  2:56  SCV  
  29  3:08  SCV  
  28  3:14  Reaper  
  29  3:20  SCV  
  29  3:21  Reaper  
  29  3:22  Barracks  
  29  3:23  Barracks, SCV  
  32  3:32  SCV  
  32  3:44  SCV, Orbital Command  
  33  3:53  Marine x2  
  35  3:56  SCV  
  35  3:59  Orbital Command  
  36  4:07  Factory  
  36  4:08  SCV  
  37  4:11  Marine  
  37  4:12  Marine  
  39  4:18  Barracks Tech Lab x2  
  39  4:20  SCV  
  40  4:30  Marine  
  42  4:31  SCV  
  42  4:32  SCV  
  42  4:36  Orbital Command  
  44  4:40  Marine  
  44  4:41  Stimpack  
  44  4:44  SCV, Combat Shields  
  46  4:45  Refinery x2  
  46  4:50  Marine  
  47  4:54  SCV  
  47  4:55  Starport  
  47  4:56  Factory Reactor  
  47  4:57  SCV  
  48  5:06  Supply Depot, Marine x3, SCV  
  52  5:07  Marine  
  52  5:09  SCV  
  54  5:18  SCV  
  54  5:19  SCV  
  56  5:24  Engineering Bay, Marine x3  
  56  5:25  Engineering Bay, Marine  
  56  5:26  Supply Depot  
  60  5:29  SCV  
  60  5:33  SCV  
  60  5:34  SCV  
  63  5:41  SCV  
  64  5:45  SCV  
  64  5:46  SCV  
  64  5:48  Marine  
  64  5:49  Marine  
  67  5:50  Marine  
  67  5:51  Marine  
  67  5:55  Barracks  
  67  5:56  Terran Infantry Weapons Level 1, Barracks  
  66  5:58  Terran Infantry Armor Level 1  
  66  6:00  Supply Depot  
  66  6:01  Supply Depot  
  66  6:02  Factory Tech Lab  
  66  6:05  Medivac x2  
  66  6:06  Marine  
  66  6:07  Marine, SCV x2  
  66  6:10  SCV  
  75  6:11  Marine  
  75  6:12  Marine  
  75  6:18  Supply Depot  
  77  6:21  SCV x2  
  77  6:22  SCV  
  77  6:23  Marine  
  77  6:24  Marine, Siege Tank  
  85  6:26  Concussive Shells  
  85  6:31  Armory  
  85  6:33  SCV x2  
  85  6:34  SCV  
  85  6:37  Supply Depot  
  85  6:39  Supply Depot  
  88  6:40  Bunker  
  88  6:41  Marine x3  
  88  6:42  Medivac  
  88  6:45  SCV  
  88  6:46  Barracks Reactor  
  94  6:47  Barracks Reactor  
  94  6:50  Barracks Tech Lab x2  
  94  6:53  Medivac  
  94  6:54  SCV x2  
  98  6:56  Siege Tank  
  98  6:58  SCV  
  98  6:59  Marauder  
  98  7:00  Marauder, Orbital Command  
  105  7:10  SCV  
  105  7:14  Supply Depot  
  105  7:15  Supply Depot, Marauder  
  104  7:16  Supply Depot  
  104  7:19  Supply Depot  
  104  7:21  Supply Depot  
  104  7:22  Supply Depot  
  102  7:35  SCV  
  102  7:36  Marine, Marauder x3, SCV x2  
  112  7:43  Marine, Marauder  
  115  7:47  SCV  
  115  7:48  Siege Tank  
  119  7:52  Refinery x2  
  119  7:54  Marine  
  119  7:56  Marine  
  119  7:57  Terran Infantry Armor Level 2  
  121  7:59  Terran Infantry Weapons Level 2  
  121  8:10  Marine, Marauder  
  121  8:11  Marine x2  
  121  8:12  Marine  
  127  8:14  Marine  
  127  8:16  Terran Vehicle Weapons Level 1  
  128  8:20  Siege Tank  
  128  8:23  Supply Depot x2  
  131  8:28  Marine x2  
  131  8:29  Marauder  
  131  8:32  Marauder  
  131  8:34  Marine, Marauder  
  139  8:35  Medivac x2  
  144  8:45  Supply Depot  
  144  8:46  Marine x2  
  144  8:47  Supply Depot  
  146  8:50  Marauder  
  146  8:52  Marine, Siege Tank  
  146  8:53  Marine  
  153  8:59  Marauder  
  155  9:04  Marine  
  155  9:05  Marauder  
  155  9:09  Marine  
  158  9:10  Marine, Medivac x2  
  158  9:11  Marine  
  165  9:17  Command Center  
  165  9:20  Marine  
  165  9:22  Marine  
  167  9:25  Marine  
  167  9:27  Marine  
  167  9:29  Marauder  
  168  9:34  Marauder  
  161  9:38  Marauder, Siege Tank  
  161  9:40  Marine  
  161  9:44  Marauder  
  161  9:45  Marine  
  169  9:46  Supply Depot x2  
  169  9:47  Supply Depot  
  169  9:48  Medivac x2  
  169  9:50  Marauder  
  176  9:55  Marine  
  176  9:57  Marine  
  178  10:04  Factory  
  178  10:10  Siege Tank  
  180  10:18  Marine  
  180  10:19  Marine x4, Marauder  
  135  10:36  Marine  
  135  10:37  Marine x2, Marauder x2  
  135  10:39  Marine  
Show
View Real Time Build Order
Export as new Build Order

GloomY Zerg 

Build Orders: Pool First 

Get SALT Encoding   

  12  0:00  Drone  
  13  0:12  Overlord  
  13  0:17  Drone  
  14  0:30  Drone x2  
  14  0:35  Drone  
  17  0:37  Extractor  
  16  0:45  Drone  
  17  0:50  Spawning Pool  
  17  0:56  Drone  
  17  1:07  Drone  
  18  1:20  Hatchery  
  18  1:24  Drone  
  18  1:27  Drone  
  19  1:41  Queen  
  19  1:45  Metabolic Boost  
  21  1:51  Overlord  
  21  1:54  Zergling x2  
  22  2:17  Queen  
  24  2:29  Zergling x2  
  27  2:30  Zergling x4  
  27  2:46  Overlord  
  27  2:49  Zergling x8  
  31  2:56  Overlord  
  31  2:57  Drone x2  
  33  3:04  Overlord  
  31  3:14  Drone  
  31  3:15  Queen  
  31  3:16  Queen  
  31  3:17  Drone x2  
  38  3:22  Drone x3  
  38  3:26  Drone  
  38  3:27  Drone  
  43  3:28  Drone  
  44  3:41  Drone x2  
  45  3:45  Extractor x2  
  44  3:48  Drone  
  44  3:49  Drone  
  45  4:04  Drone  
  45  4:05  Drone x6  
  45  4:07  Roach Warren  
  50  4:19  Overlord x2  
  45  4:31  Drone  
  45  4:32  Overlord x2, Drone x4  
  50  4:49  Roach x3  
  56  4:54  Roach  
  58  5:04  Roach x4  
  58  5:05  Roach x3  
  72  5:12  Overlord  
  72  5:13  Roach  
  74  5:18  Ravager x4  
  79  5:21  Zergling x4  
  80  5:30  Overlord  
  80  5:36  Hatchery  
  80  5:39  Zergling x14  
  80  5:42  Hatchery  
  85  5:56  Overlord  
  86  5:57  Zergling x2  
  86  6:02  Ravager x3  
  86  6:03  Ravager  
  90  6:15  Evolution Chamber  
  90  6:17  Extractor, Ravager x2, Evolution Chamber  
  90  6:18  Zergling x8  
  90  6:22  Zergling x2  
  90  6:25  Ravager  
  95  6:31  Zergling x14  
  102  6:32  Ravager  
  103  6:49  Drone  
  103  6:50  Zerg Missile Weapons Level 1, Drone x3  
  103  6:54  Drone  
  104  7:01  Drone x3  
  104  7:02  Drone x3  
  104  7:04  Zerg Ground Armor Level 1  
  108  7:13  Lair  
  108  7:17  Drone x5  
  113  7:29  Drone  
  115  7:30  Drone x7  
  115  7:33  Extractor x2  
  119  7:43  Roach  
  121  7:44  Overlord x4, Hatchery  
  120  7:54  Overlord  
  120  7:55  Drone  
  121  8:06  Roach x7  
  121  8:07  Roach  
  121  8:12  Glial Reconstitution  
  137  8:14  Roach  
  137  8:15  Roach  
  137  8:18  Spire  
  140  8:20  Roach x4  
  140  8:21  Roach x2  
  140  8:22  Ravager  
  140  8:23  Roach  
  140  8:24  Roach x3  
  161  8:39  Overlord x3  
  161  8:42  Overlord x2  
  161  8:46  Zerg Missile Weapons Level 2  
  161  8:54  Overlord x2  
  161  8:57  Extractor  
  161  9:00  Roach x12  
  184  9:03  Extractor  
  183  9:11  Drone x4  
  183  9:17  Drone x3  
  189  9:23  Drone  
  189  9:24  Drone x7  
  175  9:35  Corruptor x3  
  168  9:41  Roach x3  
  168  9:42  Roach  
  176  9:51  Roach x4  
  176  9:52  Corruptor  
  184  9:53  Corruptor  
  188  10:00  Infestation Pit  
  188  10:01  Corruptor  
  188  10:03  Ravager  
  188  10:04  Ravager  
  188  10:06  Roach x3  
  154  10:23  Roach x2  
  154  10:24  Roach x8  
  154  10:25  Roach  
  154  10:26  Roach  
  133  10:30  Roach x2  
  133  10:31  Roach  
  132  10:37  Roach x4  
Tags
 
Add a new tag
Caveats
  • Supply blocks, unpowered buildings, or Contaminate may cause inaccurate times.
  • Supply counts are checked every 10 seconds.